 Dungeon Crawl Stone Soup version 0.16-a0-1784-gf5591c9 (webtiles) character file.

254929 Xpym the Minotaur Blade (level 19, -28/178 (179) HPs)
             Began as a Minotaur Berserker on Oct 31, 2014.
             Was a High Priest of Trog.
             Killed from afar by a deep elf sorcerer (47 damage)
             ... with a blast of hellfire
             ... on level 1 of the Abyss on Nov 1, 2014.
             The game lasted 03:51:21 (37470 turns).

Xpym the Minotaur Blade (Minotaur Berserker)       Turns: 37470, Time: 03:51:21

HP:   -28/178 (179) AC: 28    Str: 23    XL:     19   Next: 74%
MP:   9/9           EV: 15    Int:  4    God:    Trog [*****.]
Gold: 775           SH:  0    Dex: 17    Spells: 0 memorised, 18 levels left

rFire  + . .     SeeInvis .     a - +7 triple sword (antimagic)
rCold  + + .     Clarity  .     V - +3 plate armour {rF+}
rNeg   + . .     SustAb   .     (no shield)
rPois  .         Gourm    .     B - +1 hat of Bitterness {rC++ rCorr Dex+4}
rElec  .         Spirit   .     X - +2 cloak {MR+}
rCorr  +         Warding  .     O - +0 pair of gloves
rMut   .         Stasis   .     (no boots)
MR     +++..                    t - amulet of faith {!P}
Stlth  ..........               U - ring of positive energy
                                N - ring of protection from magic

@: liquid flames, about to teleport, flayed, glowing, extremely resistant to
hostile enchantments, extremely unstealthy
A: retaliatory headbutt, horns 2, icy blue scales 1, clumsy 2
a: Burn Spellbooks, Berserk, Trog's Hand, Brothers in Arms, Renounce Religion


You were on level 1 of the Abyss.
You worshipped Trog.
Trog was extremely pleased with you.
You were not hungry.

You visited 3 branches of the dungeon, and saw 21 of its levels.
You visited the Abyss 2 times.
You also visited: Labyrinth, Sewer and Ossuary.

You collected 1869 gold pieces.
You spent 1094 gold pieces at shops.


Innate Abilities, Weirdness & Mutations

You reflexively headbutt those who attack you in melee.
You have a pair of horns on your head.
You are partially covered in icy blue scales (AC +1).
[You are very clumsy. (Dex -4)]


   Skills:
 + Level 17.9 Fighting
 * Level 23.6 Long Blades
 - Level 7.5 Throwing
 + Level 17.4 Armour
 + Level 16.3 Dodging
 - Level 11.2 Evocations


You had 18 spell levels left.
You didn't know any spells.

Inventory:

Hand weapons
 a - a +7 antimagic triple sword (weapon)
 b - the +3 blowgun of Cias {evade, rF++ MR++ SInv Stlth++}
   (You found it on level 5 of the Dungeon)

   It affects your evasion (+5 to EV).
   It greatly protects you from fire.
   It affects your resistance to hostile enchantments.
   It enhances your eyesight.
   It makes you much more stealthy.
 w - the +5 great sword of Trog's Brutal Revenge {drain, rElec MR+}
   (Trog gifted it to you on level 13 of the Dungeon)

   A truly terrible weapon, it drains the life of those it strikes.
   It insulates you from electricity.
   It affects your resistance to hostile enchantments.
 P - the +6 great sword of the Ecumenical Temple {flame, +Blink}
   (Trog gifted it to you on level 5 of the Depths)

   It emits flame when wielded, causing extra injury to most foes and up to
   double damage against particularly susceptible opponents.
   Big, fiery blades are also staple armaments of hydra-hunters.
   It lets you blink.
Missiles
 y - 14 javelins of returning (quivered)
 D - 5 tomahawks of dispersal
 L - 4 javelins of penetration
 M - 7 poisoned tomahawks
 Z - 13 steel javelins
Armour
 o - a +4 scale mail of poison resistance
 B - the +1 hat of Bitterness (worn) {rC++ rCorr Dex+4}
   (You acquired it on level 11 of the Dungeon)

   It affects your dexterity (+4).
   It greatly protects you from cold.
   It protects you from acid and corrosion.
 O - a +0 pair of gloves (worn)
 V - a +3 plate armour of fire resistance (worn)
 X - a +2 cloak of magic resistance (worn)
Rods
 p - a +5 rod of ignition (9/9) {!a}
   (You found it in a labyrinth)
Jewellery
 j - an uncursed ring of fire
 s - an uncursed ring of sustain abilities
 t - an amulet of faith (around neck) {!P}
 N - a ring of protection from magic (left hand)
 U - a ring of positive energy (right hand)
Magical devices
 i - a wand of draining (10)
 k - a wand of disintegration (8)
 v - a wand of cold (11)
 I - a wand of teleportation (5) {!d}
 R - a wand of polymorph (8)
 S - a wand of fire (7)
Scrolls
 e - a scroll of teleportation
 f - 5 scrolls of recharging
 g - a scroll of blinking
 r - a scroll of summoning
 u - a scroll of holy word
 x - 5 scrolls of fear
 C - a scroll of remove curse
 F - 4 scrolls of fog
 G - 3 scrolls of magic mapping
 W - a scroll of silence
 Y - 6 scrolls of identify
Potions
 d - a potion of invisibility
 h - 3 potions of heal wounds
 m - 4 potions of haste
 q - 8 potions of might
 z - 7 potions of curing
 H - a potion of flight
 J - 4 potions of resistance
 Q - 3 potions of restore abilities
 T - a potion of cancellation
Miscellaneous
 K - a lamp of fire
Comestibles
 c - 14 bread rations
 n - 17 fruits

Dungeon Overview and Level Annotations

Branches:
Dungeon (15/15)            Temple (0/1) D:4             Orc (0/4) D:10
   Lair (0/8) D:11         Vaults (0/5) D:14         Depths (5/5) D:15
   Hell (1/1)                 Dis (0/7) Hell            Geh (0/7) Hell
    Coc: Hell:1         Tar: Hell:1         Zot: Depths:5

Altars:
Ashenzari
Dithmenos
Fedhas
Gozag
Okawaru
Qazlal
Ru
Trog
Vehumet
Yredelemnul

Shops:
D:4 %[%   D:10 *   D:12 =   D:13 *[   Depths:4 *

Portals:
Hell: Depths:1 Depths:2 Depths:4 Depths:5
Abyss: Depths:1 Depths:4
Pandemonium: Depths:3 Depths:4
Ziggurat: Depths:4

Annotations:
Depths:3 1 exclusion
Depths:5 1 exclusion
Hell exclusion: 2 ice statues

... . ... ... ..
..... ##e##
#....###...## ..
##....#.....#...
#...............
.. #H....#...
.#.....#..#...#
#..#.###.#.X# #
#..#.#.#W.#.x..
#....#.h2##.###.#.
. # ##..>h#
###.#.. .
#.#...*### . . # .
. #...##. ### #
#.#...#h.#. .


You could see a deep elf sorcerer, a flayed ghost, a large abomination and a
small abomination.


Message History

The hell hog bites you!
* * * LOW HITPOINT WARNING * * *
The flayed ghost cries, "Feel what I felt!"
The hell hog barely misses you.
You are covered in liquid flames!
* * * LOW HITPOINT WARNING * * *
You are covered in liquid flames!
* * * LOW HITPOINT WARNING * * *
The hell hog spits sticky flame at you. The sticky flame hits you!
You are covered in liquid flames!
A large abomination comes into view.
You are covered in liquid flames!
* * * LOW HITPOINT WARNING * * *
The wretched star pulses with an eldritch light!
You feel clumsy. x2
The hell hog twists and deforms.
The blizzard demon twists and deforms.
The hell hog twists and deforms.
You are covered in liquid flames!
* * * LOW HITPOINT WARNING * * *
A deep elf sorcerer comes into view. It is wielding a glowing long sword.
A small abomination comes into view.
You are covered in liquid flames!
* * * LOW HITPOINT WARNING * * *
The flayed ghost cries, "Feel what I felt!"
You are covered in liquid flames!
* * * LOW HITPOINT WARNING * * *
The deep elf sorcerer gestures at you while chanting.
The hellfire explodes!
The blast of hellfire engulfs you!
You die...

Action                   |  1- 3 |  4- 6 |  7- 9 | 10-12 | 13-15 | 16-18 | 19-21 || total
-------------------------+-------+-------+-------+-------+-------+-------+-------++-------
Melee: Falchion          |    98 |   253 |   297 |       |       |       |       ||   648
       Great sword       |       |       |    91 |   348 |   313 |    97 |       ||   849
       Unarmed           |       |       |     1 |       |       |       |       ||     1
       Triple sword      |       |       |       |   160 |   354 |   690 |   347 ||  1551
       Scimitar          |       |       |       |       |     9 |       |       ||     9
 Fire: Blowgun           |       |       |     9 |   110 |    79 |     8 |       ||   206
Throw: Stone             |     1 |     4 |    95 |     3 |       |       |       ||   103
       Tomahawk          |       |       |    33 |    21 |    61 |    53 |    16 ||   184
       Javelin           |       |       |       |       |    72 |   141 |    47 ||   260
Invok: Berserk           |     2 |     4 |    11 |     9 |    26 |    41 |     6 ||    99
       Trog's Hand       |       |     2 |     1 |     4 |     2 |     3 |     5 ||    17
       Burn Spellbooks   |       |       |       |     1 |     4 |     1 |       ||     6
       Brothers in Arms  |       |       |       |     1 |     4 |     6 |     1 ||    12
Evoke: Wand              |       |       |       |       |       |       |     1 ||     1
  Use: Scroll            |     5 |     6 |     6 |    25 |     4 |    12 |     4 ||    62
       Potion            |       |       |       |     2 |     2 |     4 |     2 ||    10
 Stab: Sleeping          |       |       |       |     5 |       |       |       ||     5
       Distracted        |       |       |       |       |       |     1 |       ||     1
  Eat: Chunk             |     3 |    11 |    21 |    33 |    30 |    49 |     9 ||   156
       Beef jerky        |       |       |     1 |       |       |       |       ||     1
       Pizza             |       |       |     1 |       |       |       |       ||     1
       Meat ration       |       |       |       |       |     5 |     5 |       ||    10
       Fruit             |       |       |       |       |       |     2 |       ||     2
       Royal jelly       |       |       |       |       |       |     1 |       ||     1
       Bread ration      |       |       |       |       |       |       |     3 ||     3

Vault maps used:
D:1:      scummos_arrival_star
D:2:      minmay_door_path
D:3:      cheibrodos_ashenzari_chains, nicolae_overflow_hidden_temple,
          first_bread, portal_sewer_entry_e
D:4:      lemuel_zombie_altar_yredelemnul, temple_green, serial_shops,
          nicolae_shop_stone, kennysheep_mini, kennysheep_little_box,
          enter_ossuary_5
D:5:      uniq_iyjb
D:6:      lightli_temple_of_fire, basic_altar, minmay_misc_feat_encased,
          uniq_menkaure
D:7:      fedhas_altar_decomposition, the_bakery, nicolae_ru_path_of_blood
D:8:      serial_co_window_serial, co_window_corner_a, co_window_paths_b,
          co_window_paths_b, co_window_paths_a, co_window_corner_a,
          co_window_broadway_b, co_window_unsneaky_path_a,
          co_window_unsneaky_path_e, co_window_cross_4, co_window_broadway_c,
          co_window_corner_b, uniq_joseph
D:9:      nicolae_overflow_crystal_walls, grunt_qazlal_sundering,
          nicolae_underground_beach, uniq_maurice, uniq_edmund, uniq_pikel
D:10:     orc_0_dummy, serial_shops, shop_statue, kennysheep_small_spiral
D:11:     david_lair_generic, minmay_pinched_square, uniq_nessos, uniq_fannar
D:12:     lab_entry_generic, serial_shops, shop_fountains
D:13:     nicolae_whirlpool, serial_shops, shop, basic_altar,
          kennysheep_windowed_goal
D:14:     david_vaults_5, serial_bayou_pond_d
D:15:     hangedman_depths_entry_try_elsewhere_first, okawaru_ov_weapons_minmay,
          spider_trap, kb_rosetta, uniq_roxanne
Depths:1: nrook_mini_vaults, minmay_room_of_horrors, pf_hell_entry_great_geh,
          kennysheep_nondescript, grunt_ministairs_3, hangedman_decor_riveting,
          minmay_crystal_room, item_on_display_a, grunt_megastairs_4,
          serial_bayou_shore_b
Depths:2: kennysheep_funnel, grunt_hell_entry_dis_mu, basic_altar,
          eino_small_chamber_without_monster, infiniplex_staircase_river,
          uniq_jorgrun
Depths:3: cheibrodos_birdhouse, lightli_too_deep, pan_entry,
          corexii_corridor_pit, serial_bayou_shore_b,
          infiniplex_staircase_pillars_3b, uniq_asterion
Depths:4: evilmike_horseshoe, enter_ziggurat_a, serial_shops, shop,
          minmay_door_square, rand_demon_pan_entry_9, hell_entry, abyss_entry
Depths:5: grunt_zot_entry_hairpin, hell_entry, minmay_misc_feat_chi,
          grunt_ministairs_6, spider_trap
Lab:      nicolae_lab_plus
Sewer:    sewer_minmay_w
Ossuary:  ossuary_tomb_3

Notes
Turn   | Place    | Note
--------------------------------------------------------------
     0 | D:1      | Xpym, the Minotaur Berserker, began the quest for the Orb.
     0 | D:1      | Reached XP level 1. HP: 19/19 MP: 1/1
   259 | D:1      | Reached XP level 2. HP: 27/27 MP: 1/1
   512 | D:1      | Reached skill level 3 in Armour
   688 | D:2      | Acquired Trog's second power
   688 | D:2      | Reached skill level 4 in Fighting
   688 | D:2      | Reached XP level 3. HP: 33/33 MP: 2/2
   693 | D:2      | Reached skill level 4 in Long Blades
  1086 | D:2      | Reached skill level 1 in Throwing
  1297 | D:2      | Reached XP level 4. HP: 40/40 MP: 2/2
  1636 | D:3      | Reached skill level 2 in Throwing
  1648 | D:3      | Found a glowing drain.
  1666 | Sewer    | Entered a sewer
  1725 | Sewer    | Reached XP level 5. HP: 43/46 MP: 2/2
  1840 | Sewer    | Reached skill level 5 in Long Blades
  1984 | Sewer    | Reached skill level 3 in Dodging
  2076 | Sewer    | Reached skill level 4 in Armour
  2128 | Sewer    | Reached XP level 6. HP: 53/53 MP: 3/3
  2129 | Sewer    | Acquired Trog's third power
  2202 | Sewer    | Noticed a giant frog
  2203 | Sewer    | Noticed a giant frog
  2210 | Sewer    | Killed a giant frog
  2261 | Sewer    | Killed a giant frog
  2392 | D:3      | Found a radiant altar of Vehumet.
  2498 | D:3      | Reached skill level 5 in Fighting
  2782 | D:3      | Found a shattered altar of Ashenzari.
  2875 | D:3      | Reached skill level 6 in Long Blades
  3088 | D:4      | Reached XP level 7. HP: 45/61 MP: 3/3
  3102 | D:4      | Found Utukeove's Food Shoppe.
  3137 | D:4      | Found Giyhosho's Food Emporium.
  3144 | D:4      | Reached skill level 3 in Throwing
  3266 | D:4      | Found a sand-covered staircase.
  3271 | Ossuary  | Entered an ossuary
  3317 | Ossuary  | Reached skill level 4 in Dodging
  3960 | D:4      | Found Ghicoi's Armour Boutique.
  3965 | D:4      | Bought a +3 scale mail of poison resistance for 322 gold pieces
  3990 | D:4      | Reached skill level 5 in Armour
  4017 | D:4      | Reached skill level 7 in Long Blades
  4127 | D:4      | Found a staircase to the Ecumenical Temple.
  4171 | D:4      | Found a basalt altar of Yredelemnul.
  4221 | D:5      | Entered Level 5 of the Dungeon
  4221 | D:5      | Noticed Ijyb
  4238 | D:5      | Killed Ijyb
  4302 | D:5      | Got a brightly glowing blowgun
  4349 | D:5      | Reached XP level 8. HP: 70/70 MP: 3/3
  4783 | D:5      | Noticed a two-headed ogre
  4788 | D:5      | Killed a two-headed ogre
  4788 | D:5      | Reached skill level 6 in Fighting
  4788 | D:5      | Reached skill level 8 in Long Blades
  4788 | D:5      | Reached skill level 4 in Throwing
  4788 | D:5      | Reached skill level 5 in Dodging
  5306 | D:6      | Noticed Menkaure
  5317 | D:6      | Killed Menkaure
  5317 | D:6      | Reached skill level 6 in Armour
  5360 | D:6      | Received a gift from Trog
  5409 | D:6      | Found a shadowy altar of Dithmenos.
  5433 | D:6      | Identified 2 potions of resistance
  5732 | D:6      | Found a bloodstained altar of Trog.
  5788 | D:7      | Reached skill level 9 in Long Blades
  5788 | D:7      | Reached XP level 9. HP: 71/78 MP: 4/4
  6090 | D:7      | Identified the +3 blowgun of Cias {evade, rF++ MR++ SInv Stlth++} (You found it on level 5 of the Dungeon)
  6125 | D:7      | Found a blossoming altar of Fedhas.
  6293 | D:7      | Reached skill level 7 in Fighting
  6302 | D:7      | Reached skill level 6 in Dodging
  6413 | D:7      | Found a sacrificial altar of Ru.
  6595 | D:7      | Reached skill level 5 in Throwing
  6595 | D:7      | Reached skill level 7 in Armour
  6700 | D:7      | Reached skill level 10 in Long Blades
  6809 | D:8      | Received a gift from Trog
  7033 | D:8      | Noticed Joseph
  7049 | D:8      | Killed Joseph
  7049 | D:8      | Reached XP level 10. HP: 83/83 MP: 4/4
  7221 | D:8      | Reached skill level 7 in Dodging
  7411 | D:8      | Got a faintly glowing war axe
  7980 | D:9      | Reached skill level 8 in Fighting
  8072 | D:9      | Found an opulent altar of Gozag.
  8092 | D:9      | Reached skill level 11 in Long Blades
  8224 | D:9      | Noticed Edmund
  8236 | D:9      | Killed Edmund
  8236 | D:9      | Reached skill level 8 in Armour
  8378 | D:9      | Noticed Maurice
  8389 | D:9      | Killed Maurice
  8496 | D:9      | Noticed Pikel
  8507 | D:9      | Killed Pikel
  8519 | D:9      | Reached skill level 9 in Fighting
  8527 | D:9      | Reached skill level 12 in Long Blades
  8552 | D:9      | Found a stormy altar of Qazlal.
  8632 | D:9      | Reached skill level 9 in Armour
  8632 | D:9      | Reached skill level 8 in Dodging
  8737 | D:10     | Entered Level 10 of the Dungeon
  8777 | D:10     | Reached XP level 11. HP: 96/96 MP: 1/4
  9202 | D:10     | Found a staircase to the Orcish Mines.
  9351 | D:10     | Received a gift from Trog
  9549 | D:10     | Found Ifoas' Assorted Antiques.
  9552 | D:10     | Bought a lead wand for 124 gold pieces
  9552 | D:10     | Bought a scroll labeled ODOONN NYKEPT for 31 gold pieces
  9554 | D:10     | Identified the cursed -1 war axe of Luxury {elec, *Rage rPois rF+ rN+ Dex+4} (You found it on level 8 of the Dungeon)
  9555 | D:10     | Bought a scroll of remove curse for 93 gold pieces
  9873 | D:11     | Noticed a skeletal warrior
  9873 | D:11     | Noticed a skeletal warrior
  9873 | D:11     | Noticed a skeletal warrior
  9873 | D:11     | Noticed a skeletal warrior
  9873 | D:11     | Noticed a skeletal warrior
  9884 | D:10     | Killed a skeletal warrior
  9884 | D:10     | Reached skill level 13 in Long Blades
  9923 | D:10     | Noticed a hill giant
  9934 | D:10     | Killed a hill giant
 10017 | D:11     | Noticed Fannar
 10031 | D:11     | Killed Fannar
 10031 | D:11     | Reached skill level 10 in Fighting
 10031 | D:11     | Reached skill level 1 in Evocations
 10154 | D:11     | Reached skill level 9 in Dodging
 10158 | D:11     | Reached skill level 10 in Armour
 10164 | D:11     | Noticed an unseen horror
 10177 | D:11     | Killed an unseen horror
 10177 | D:11     | Reached skill level 2 in Evocations
 10394 | D:11     | Identified a scroll of acquirement
 10395 | D:11     | Got an ichor-stained hat
 10401 | D:11     | Identified the +1 hat of Bitterness {rC++ rCorr Dex+4} (You acquired it on level 11 of the Dungeon)
 10430 | D:11     | Received a gift from Trog
 10503 | D:11     | Killed a skeletal warrior
 10505 | D:11     | Killed a skeletal warrior
 10505 | D:11     | Reached skill level 14 in Long Blades
 10505 | D:11     | Reached XP level 12. HP: 106/106 MP: 2/10
 10510 | D:11     | Killed a skeletal warrior
 10512 | D:11     | Killed a skeletal warrior
 10512 | D:11     | Reached skill level 3 in Evocations
 10629 | D:11     | Found a staircase to the Lair.
 10980 | D:11     | Got a pair of warped boots
 10986 | D:11     | Identified the cursed -5 pair of boots of the World {Dex+2 Int+5} (You found it on level 11 of the Dungeon)
 11079 | D:11     | Noticed Nessos
 11571 | D:11     | Killed Nessos
 11657 | D:12     | Found a labyrinth entrance.
 11721 | Lab      | Entered a labyrinth
 11799 | Lab      | Noticed a minotaur
 11807 | Lab      | Killed a minotaur
 11807 | Lab      | Reached skill level 11 in Fighting
 11826 | Lab      | Identified a +5 rod of ignition (9/9) (You found it in a labyrinth)
 11850 | Lab      | Got a silk robe
 11861 | Lab      | Identified the cursed -2 robe of Reason {rElec} (You found it in a labyrinth)
 11924 | D:12     | Reached skill level 4 in Evocations
 12000 | D:12     | Reached skill level 10 in Dodging
 12105 | D:12     | Received a gift from Trog
 12118 | D:12     | Gained mutation: You are partially covered in icy blue scales (AC +1). [potion of beneficial mutation]
 12166 | D:12     | Reached skill level 11 in Armour
 12376 | D:12     | Found Psuj's Jewellery Boutique.
 12528 | D:13     | Noticed a centaur warrior
 12544 | D:13     | Killed a centaur warrior
 12787 | D:13     | Found Nexaveebi's Assorted Antiques.
 12813 | D:13     | Noticed a centaur warrior
 12816 | D:13     | Killed a centaur warrior
 12816 | D:13     | Reached skill level 15 in Long Blades
 12878 | D:13     | Bought a fuming emerald potion for 24 gold pieces
 12878 | D:13     | Bought a scroll of identify for 54 gold pieces
 12878 | D:13     | Bought a scroll labeled RYAROGODDA for 27 gold pieces
 12878 | D:13     | Bought a small copper ring for 135 gold pieces
 13129 | D:13     | Received a gift from Trog
 13134 | D:13     | Got a twisted great sword {god gift}
 13135 | D:13     | Identified the +5 great sword of Trog's Brutal Revenge {drain, rElec MR+} (Trog gifted it to you on level 13 of the Dungeon)
 13149 | D:13     | Got an ebony rapier
 13150 | D:13     | Identified the +2 rapier "Earthworm" {drain, +Inv rF+} (You found it on level 13 of the Dungeon)
 13268 | D:13     | Found Egymiffi's Armour Boutique.
 13365 | D:13     | Found a bloodstained altar of Trog.
 13455 | D:13     | Reached skill level 6 in Throwing
 13941 | D:14     | Reached skill level 5 in Evocations
 13946 | D:14     | Reached XP level 13. HP: 102/115 MP: 14/15
 14077 | D:14     | Noticed a centaur warrior
 14090 | D:14     | Killed a centaur warrior
 14212 | D:14     | Received a gift from Trog
 14503 | D:14     | Reached skill level 12 in Fighting
 14722 | D:14     | Reached skill level 6 in Evocations
 14739 | D:14     | Found a gate to the Vaults.
 14739 | D:14     | Noticed a vault guard
 14748 | D:14     | Killed a vault guard
 14937 | D:15     | Entered Level 15 of the Dungeon
 14947 | D:15     | Reached skill level 16 in Long Blades
 14953 | D:15     | Reached skill level 11 in Dodging
 15045 | D:15     | Noticed a dire elephant
 15070 | D:15     | Killed a dire elephant
 15112 | D:15     | Found a staircase to the Depths.
 15239 | D:15     | Noticed Roxanne
 15281 | D:15     | Reached skill level 7 in Throwing
 15458 | D:15     | Received a gift from Trog
 15458 | D:15     | Reached skill level 12 in Armour
 15946 | D:15     | Reached XP level 14. HP: 109/126 MP: 17/19
 16134 | D:15     | Received a gift from Trog
 16150 | D:15     | Reached skill level 7 in Evocations
 16169 | D:15     | Found an iron altar of Okawaru.
 16397 | D:15     | Received a gift from Trog
 16556 | D:15     | Killed Roxanne
 16558 | D:15     | Identified Roxanne's Grimoire of Moulding (You took it off Roxanne on level 15 of the Dungeon)
 16609 | Depths:1 | Entered Level 1 of the Depths
 16922 | Depths:1 | Noticed an emperor scorpion
 16939 | Depths:1 | Noticed an emperor scorpion
 16943 | Depths:1 | Noticed an emperor scorpion
 17101 | Depths:1 | Received a gift from Trog
 17115 | Depths:1 | Noticed a frost giant
 17124 | Depths:1 | Killed a frost giant
 17124 | Depths:1 | Reached skill level 17 in Long Blades
 17178 | Depths:1 | Killed an emperor scorpion
 17368 | Depths:1 | Found a one-way gate to the infinite horrors of the Abyss.
 17698 | Depths:1 | Reached skill level 13 in Fighting
 18148 | D:15     | Received a gift from Trog
 18657 | Depths:1 | Found a gateway to Hell.
 18846 | Depths:1 | Received a gift from Trog
 18859 | Depths:1 | Reached skill level 12 in Dodging
 18883 | Depths:1 | Got an iridescent long sword {god gift}
 18884 | Depths:1 | Identified the +8 long sword of Egalitarianism {flame, rF+ rC+ rN+ MR+} (Trog gifted it to you on level 1 of the Depths)
 18904 | Depths:1 | Noticed a fire giant
 18915 | Depths:1 | Killed a fire giant
 18915 | Depths:1 | Reached skill level 8 in Evocations
 19135 | Depths:1 | Noticed an emperor scorpion
 19154 | Depths:1 | Killed an emperor scorpion
 19154 | Depths:1 | Reached skill level 13 in Armour
 19585 | Depths:1 | Noticed a fire giant
 19599 | Depths:1 | Killed a fire giant
 19599 | Depths:1 | Reached XP level 15. HP: 135/135 MP: 7/22
 19741 | Depths:1 | Reached skill level 18 in Long Blades
 20039 | Depths:2 | HP: 10/135 [minotaur (illusionary)/great mace (25)]
 20488 | Depths:2 | Noticed Jorgrun
 20497 | Depths:2 | Killed Jorgrun
 20624 | Depths:2 | Received a gift from Trog
 20724 | Depths:2 | Found a radiant altar of Vehumet.
 20963 | Depths:2 | Reached skill level 14 in Fighting
 21023 | Depths:2 | Reached skill level 9 in Evocations
 21881 | Depths:2 | Received a gift from Trog
 22231 | Depths:2 | Reached skill level 19 in Long Blades
 22415 | Depths:3 | Found a one-way gate leading to the halls of Pandemonium.
 22466 | Depths:3 | Noticed Asterion
 22470 | Depths:3 | Noticed a spectral weapon
 22476 | Depths:3 | Killed Asterion
 22476 | Depths:3 | Reached skill level 13 in Dodging
 22916 | Depths:3 | Reached XP level 16. HP: 146/146 MP: 8/25
 23049 | Depths:3 | Noticed a tengu reaver
 23066 | Depths:3 | Killed a tengu reaver
 23066 | Depths:3 | Reached skill level 14 in Armour
 23162 | Depths:3 | Received a gift from Trog
 23170 | Depths:3 | Got a crystal dire flail
 23171 | Depths:3 | Identified the cursed +2 dire flail of Qoed {pain, MR++ Stlth---} (You took it off a tengu conjurer on level 3 of the Depths)
 23479 | Depths:3 | Noticed a lich
 23479 | Depths:3 | Noticed a shadow dragon
 23490 | Depths:3 | Killed a lich
 23495 | Depths:3 | Killed a shadow dragon
 23694 | Depths:3 | Noticed a tengu reaver
 23701 | Depths:3 | Killed a tengu reaver
 23887 | Depths:3 | Noticed a caustic wasp
 23890 | Depths:3 | Noticed a caustic wasp
 23896 | Depths:3 | Noticed a caustic wasp
 23896 | Depths:3 | Killed a caustic wasp
 23897 | Depths:3 | Noticed a caustic wasp
 23899 | Depths:3 | Noticed a caustic wasp
 23901 | Depths:3 | Noticed a caustic wasp
 23901 | Depths:3 | Killed a caustic wasp
 23905 | Depths:3 | Noticed a caustic wasp
 23906 | Depths:3 | Killed a caustic wasp
 23926 | Depths:3 | HP: 12/146 [spriggan air mage/the air (28)]
 23956 | Depths:3 | Killed a caustic wasp
 24319 | Depths:3 | Killed a caustic wasp
 24334 | Depths:3 | Reached skill level 10 in Evocations
 24526 | Depths:3 | Killed a caustic wasp
 24788 | Depths:3 | Reached skill level 15 in Fighting
 24872 | Depths:3 | Reached skill level 20 in Long Blades
 24931 | Depths:3 | Killed a caustic wasp
 24967 | Depths:3 | Received a gift from Trog
 25162 | Depths:3 | Noticed a sphinx
 25175 | Depths:3 | Killed a sphinx
 25855 | Depths:3 | Reached XP level 17. HP: 83/155 MP: 9/26
 26212 | Depths:4 | Reached skill level 14 in Dodging
 26214 | Depths:4 | Received a gift from Trog
 26383 | Depths:4 | Noticed a caustic wasp
 26392 | Depths:4 | Killed a caustic wasp
 26437 | Depths:4 | Noticed a caustic wasp
 26449 | Depths:4 | Noticed a caustic wasp
 26449 | Depths:4 | Noticed a caustic wasp
 26450 | Depths:4 | Noticed a caustic wasp
 26450 | Depths:4 | Noticed a caustic wasp
 26458 | Depths:4 | Killed a caustic wasp
 26464 | Depths:4 | Killed a caustic wasp
 26473 | Depths:4 | Killed a caustic wasp
 26473 | Depths:4 | Reached skill level 15 in Armour
 26484 | Depths:4 | Killed a caustic wasp
 26526 | Depths:4 | Noticed a caustic wasp
 26536 | Depths:4 | Killed a caustic wasp
 26984 | Depths:4 | Reached skill level 11 in Evocations
 27264 | Depths:4 | Noticed a titan
 27273 | Depths:4 | Killed a titan
 27281 | Depths:4 | Reached skill level 21 in Long Blades
 27575 | Depths:4 | Noticed a tentacled monstrosity
 27584 | Depths:4 | Killed a tentacled monstrosity
 27587 | Depths:4 | Received a gift from Trog
 27920 | Depths:4 | Found Deimn's General Store.
 28005 | Depths:4 | Bought a +0 cloak of magic resistance for 172 gold pieces
 28005 | Depths:4 | Bought a scroll of enchant weapon for 112 gold pieces
 28089 | Depths:4 | Identified a wand of teleportation (You took it off a spriggan berserker on level 4 of the Depths)
 28408 | Depths:4 | Reached skill level 16 in Fighting
 28728 | Depths:4 | Killed a caustic wasp
 28966 | Depths:4 | Reached XP level 18. HP: 147/165 MP: 9/28
 29282 | Depths:4 | Received a gift from Trog
 29305 | Depths:4 | Found a gateway to a ziggurat.
 29560 | Depths:4 | Reached skill level 15 in Dodging
 29607 | Depths:5 | Entered Level 5 of the Depths
 29613 | Depths:4 | Reached skill level 16 in Armour
 30922 | Depths:5 | Reached skill level 22 in Long Blades
 31192 | Depths:5 | Received a gift from Trog
 32858 | Depths:5 | Reached skill level 17 in Fighting
 32952 | Depths:5 | Received a gift from Trog
 33111 | Hell     | Entered the Vestibule of Hell
 33111 | Hell     | Noticed Geryon
 34001 | Depths:5 | Reached XP level 19. HP: 168/176 MP: 9/29
 34020 | Depths:5 | Received a gift from Trog
 34268 | Hell     | Killed Geryon
 34364 | Depths:5 | HP: 10/176 [blizzard demon/bolt of lightning (16)]
 35123 | Depths:5 | Reached skill level 17 in Armour
 35149 | Hell     | Reached skill level 23 in Long Blades
 35309 | Depths:5 | Received a gift from Trog
 35568 | Hell     | Found a gateway to the ashen valley of Gehenna.
 35624 | Hell     | HP: 17/176 [tormentor/torment (12)]
 35955 | Hell     | Received a gift from Trog
 35955 | Hell     | Reached skill level 16 in Dodging
 35977 | Hell     | Found a gateway to the Iron City of Dis.
 36099 | Hell     | Noticed Murray
 36139 | Hell     | Killed Murray
 36340 | Depths:5 | Received a gift from Trog
 36373 | Depths:5 | Got a smoking great sword {god gift}
 36374 | Depths:5 | Identified the +6 great sword of the Ecumenical Temple {flame, +Blink} (Trog gifted it to you on level 5 of the Depths)
 36697 | Depths:1 | Voluntarily entered the Abyss.
 37008 | Depths:1 | Escaped the Abyss
 37090 | Depths:1 | Voluntarily entered the Abyss.
 37126 | Abyss:1  | Noticed a bone dragon
 37148 | Abyss:1  | Killed a bone dragon
 37151 | Abyss:1  | Noticed an ancient lich
 37464 | Abyss:1  | Upgraded the game from 0.16-a0-1761-g9575c7c to 0.16-a0-1784-gf5591c9
 37470 | Abyss:1  | Killed from afar by a deep elf sorcerer

Vanquished Creatures
  Geryon (Hell)
  A bone dragon (Abyss:1)
  A tentacled monstrosity (Depths:4)
  A titan (Depths:4)
  Murray (Hell)
  A tentacled starspawn (Abyss:1)
  14 caustic bees
  3 liches
  An Executioner (Abyss:1)
  3 sphinxes
  7 tengu reavers
  A storm dragon (Depths:4)
  Roxanne (D:15)
  3 shadow dragons
  3 frost giants
  12 fire giants
  A balrug (Depths:3)
  5 emperor scorpions
  Jorgrun (Depths:2)
  A war gargoyle (Hell)
  6 very ugly things
  10 stone giants
  A green draconian (Depths:5)
  A reaper (Hell)
  A draconian caller (Depths:5)
  2 salamander firebrands
  A vampire knight (Depths:5)
  A blizzard demon (Depths:5)
  3 dire elephants
  A red draconian (Depths:5)
  A deep elf annihilator (Depths:4)
  11 minotaurs
  A green death (Hell)
  7 ettins
  10 fire dragons
  4 great orbs of eyes
  5 yaktaur captains
  6 rakshasas
  3 jiangshi (Depths:2)
  9 ice dragons
  Fannar (D:11)
  A vault guard (D:14)
  2 hydras (D:15)
  4 spriggan air magi
  Nessos (D:11)
  3 ogre magi
  8 centaur warriors
  11 deep troll earth magi
  25 death yaks
  5 tengu warriors (Depths:3)
  9 deep troll shamans
  A thrashing horror (Abyss:1)
  5 hell hogs
  3 soul eaters (Hell)
  5 spriggan berserkers
  7 sun demons
  2 catoblepae
  A vampire mage (Depths:2)
  A titan skeleton (Hell)
  3 iron trolls
  7 skeletal warriors
  2 ice devils (Depths:5)
  A deep elf knight (Depths:5)
  5 hell knights
  A storm dragon skeleton (Abyss:1)
  A spatial maelstrom (Abyss:1)
  A fire crab (D:15)
  22 deep trolls
  2 flayed ghosts
  6 unseen horrors
  A fire crab (shapeshifter) (Depths:3)
  A hell beast (Hell)
  2 starcursed masses (Abyss:1)
  8 hill giants
  A giant orange brain (Depths:3)
  A deep elf conjurer (Depths:4)
  A wizard (Depths:4)
  An orc knight (D:15)
  Pikel (D:9)
  3 necromancers
  2 wolf spider zombies
  A shadow dragon zombie (Hell)
  5 manticores
  4 cyclopes
  26 ugly things
  A wolf spider (D:15)
  A manticore (shapeshifter) (Depths:5)
  A sixfirhy (Depths:4)
  12 slime creatures
  2 centaur zombies
  2 rust devils (Depths:4)
  Maurice (D:9)
  An elephant (D:11)
  Joseph (D:8)
  A black mamba (shapeshifter) (Depths:1)
  A smoke demon (Abyss:1)
  A gargoyle (D:15)
  A torpor snail (Depths:3)
  2 kobold demonologists
  2 tormentors
  20 yaktaurs
  An ancient zyme (Abyss:1)
  An efreet (D:12)
  3 freezing wraiths
  2 tengu conjurers
  2 red devils (Hell)
  3 hydra zombies (Hell)
  6 two-headed ogres
  A harpy skeleton (D:15)
  A polar bear (shapeshifter) (Depths:3)
  A blue devil (Hell)
  2 air elementals (Depths:4)
  A boulder beetle (D:15)
  7 trolls
  A basilisk (shapeshifter) (Depths:1)
  A trapdoor spider (D:14)
  A shadow (Hell)
  2 spriggans
  11 ravens
  A raiju (shapeshifter) (Depths:1)
  An alligator skeleton (Hell)
  2 wyverns
  4 deep elf magi
  2 wraiths
  2 hungry ghosts
  12 yaks
  2 steam dragons
  A steam dragon (shapeshifter) (Depths:5)
  9 large abominations
  A spatial vortex (Abyss:1)
  8 vampire mosquitoes
  3 chaos spawn
  A fire elemental (Hell)
  2 hippogriffs
  A naga (shapeshifter) (D:12)
  2 soldier ants
  2 water moccasins
  Edmund (D:9)
  2 hill giant skeletons
  Menkaure (D:6)
  A spiny frog zombie (Hell)
  2 yellow wasps
  7 ice beasts
  3 hell hounds
  7 spiders (D:15)
  2 eyes of draining
  5 phantoms
  A manticore zombie (D:15)
  13 ogres
  A yellow wasp (shapeshifter) (Depths:3)
  A black bear (D:12)
  3 sky beasts
  5 orc warriors
  An ettin simulacrum (Hell)
  7 necrophages
  6 boggarts
  A manticore skeleton (D:11)
  An eye of draining (shapeshifter) (Depths:1)
  12 centaurs
  A crocodile (D:11)
  A snapping turtle skeleton (Hell)
  9 giant frogs
  A black mamba simulacrum (Hell)
  A brain worm (D:14)
  11 big kobolds
  2 scorpions
  7 small abominations
  A troll zombie (D:9)
  10 killer bees
  A hippogriff skeleton (D:13)
  4 wights
  An elf zombie (D:15)
  4 goliath beetles
  11 crimson imps
  5 jellies
  9 orc priests
  2 centaur skeletons
  11 hounds
  A giant frog skeleton (D:5)
  6 iguanas
  A quasit (Abyss:1)
  17 orc wizards
  10 worker ants
  4 sheep
  A big kobold zombie (Ossuary)
  A mottled dragon zombie (D:14)
  Ijyb (D:5)
  A brain worm zombie (D:13)
  A mottled dragon skeleton (D:13)
  8 mummies (Ossuary)
  5 green rats
  3 gnolls (D:5)
  2 shadow imps
  27 adders
  A white imp (Abyss:1)
  5 giant mites
  3 worms
  An adder zombie (D:9)
  10 giant geckos
  An ooze (Sewer)
  47 orcs
  12 ball pythons
  A bat zombie (D:7)
  5 giant cockroaches
  20 hobgoblins
  4 jackals (D:2)
  4 quokkas
  13 bats
  9 giant newts
  2 gnoll zombies (D:4)
  12 goblins
  A goblin skeleton (D:4)
  2 hobgoblin zombies (Ossuary)
  32 kobolds
  A kobold skeleton (D:5)
  6 orc zombies
  45 rats
  2 rat skeletons
  A ballistomycete (D:7)
  A bush (D:7)
  A starspawn tentacle (Abyss:1)
1009 creatures vanquished.

Vanquished Creatures (collateral kills)
  Asterion (Depths:3)
  A storm dragon (Depths:4)
  An ettin (Depths:5)
  A tengu warrior (Depths:3)
  A flayed ghost (Hell)
  A frost giant skeleton (Hell)
  A freezing wraith (Hell)
  2 ravens (Depths:3)
  A flying skull (Hell)
10 creatures vanquished.

Vanquished Creatures (others)
  A hill giant (Depths:2)
  A yaktaur (Depths:5)
  2 trolls
  3 slaves (D:9)
  2 ogres
  A boggart (Depths:4)
  A killer bee (D:9)
  A hound (D:11)
  A giant spore (D:7)
  A lurking horror (Abyss:1)
  13 starspawn tentacles (Abyss:1)
  275 starspawn tentacle segments (Abyss:1)
302 creatures vanquished.

Grand Total: 1321 creatures vanquished
